 Dungeon Crawl Stone Soup version 0.29-a0-559-g359e09b9d1 (webtiles) character file.

Game seed: 13664629038751413382

279 Nedwor the Twirler (level 6, -11/55 HPs)
             Began as a Minotaur Gladiator on June 10, 2022.
             Was a Believer of Uskayaw.
             Mangled by an ogre
             ... wielding a +0 giant spiked club
              (15 damage)
             ... on level 4 of the Dungeon.
             The game lasted 00:04:41 (3587 turns).

Nedwor the Twirler (Minotaur Gladiator)             Turns: 3587, Time: 00:04:41

Health: -11/55     AC:  8    Str: 21    XL:     6   Next: 5%
Magic:  5/5        EV:  8    Int:  5    God:    Uskayaw [**....]
Gold:   185        SH:  5    Dex: 11    Spells: 5/5 levels left

rFire   . . .      SeeInvis .   a - +0 quarterstaff
rCold   . . .      Faith    .   (shield currently unavailable)
rNeg    . . .      Spirit   .   q - +0 chain mail
rPois   .          Reflect  +   c - +0 hat
rElec   .          Harm     .   (no cloak)
rCorr   .          Rampage  .   (no gloves)
Will    .....                   (no boots)
Stlth   ..........              o - amulet of reflection
HPRegen 0.18/turn               (no ring)
MPRegen 0.09/turn               (no ring)

@: lethally poisoned (-11 -> -15)
A: horns 2, retaliatory headbutt
a: Renounce Religion, Stomp, Line Pass


You were on level 4 of the Dungeon.
You worshipped Uskayaw.
Uskayaw was noncommittal.
You visited 2 branches of the dungeon, and saw 5 of its levels.

You collected 185 gold pieces.

Inventory:

Hand Weapons
 a - a +0 quarterstaff (weapon)
Missiles
 d - 3 throwing nets (quivered)
 e - a javelin
Armour
 c - a +0 hat (worn)
 q - a +0 chain mail (worn)
Jewellery
 o - an amulet of reflection (around neck)
 v - an amulet of magic regeneration
Scrolls
 b - a scroll of magic mapping {unknown}
 g - a scroll of fog {unknown}
 h - 3 scrolls of identify {unknown}
 k - 2 scrolls of teleportation {unknown}
 l - 2 scrolls of acquirement {unknown}
 p - a scroll of amnesia {unknown}
 s - a scroll of noise {unknown}
 t - a scroll of blinking {unknown}
 u - 2 scrolls of vulnerability {unknown}
Potions
 f - a potion of might {unknown}
 i - a potion of degeneration {unknown}
 j - a potion of cancellation {unknown}
 m - 3 potions of flight {unknown}
 n - 2 potions of attraction {unknown}
 r - a potion of heal wounds {unknown}


   Skills:
 + Level 4.8 Fighting
 * Level 7.0 Staves
 - Level 2.0 Throwing
 - Level 3.2 Dodging


You had 5 spell levels left.
You didn't know any spells.
Your spell library contained the following spells:

 Spells                   Type           Power      Damage    Failure   Level
 Apportation              Tloc           0%         N/A       99%         1
 Necrotize                Necr           0%         1d4       99%         1
 Summon Small Mammal      Summ           0%         N/A       99%         1
 Gell's Gravitas          Tloc           0%         N/A       100%        3
 Lesser Beckoning         Tloc           0%         N/A       100%        3
 Ozocubu's Armour         Ice            0%         N/A       100%        3
 Teleport Other           Tloc           0%         N/A       100%        3
 Dispersal                Tloc           0%         N/A       100%        6
 Ozocubu's Refrigeration  Ice            0%         4d5       100%        7


Dungeon Overview and Level Annotations

Branches:
Dungeon (4/15)             Temple (1/1) D:4

Altars:
Ashenzari
Dithmenos
Elyvilon
Gozag
Hepliaklqana
Kikubaaqudgha
Makhleb
Nemelex Xobeh
Qazlal
Ru
Sif Muna
Trog
Uskayaw
Vehumet
Wu Jian
Yredelemnul
The Shining One


Innate Abilities, Weirdness & Mutations

You have a pair of horns on your head.
You reflexively headbutt those who attack you in melee.


Message History

The scorpion poisons you!
The scorpion stings you but does no damage.
Unknown command.
You closely miss the scorpion.
The scorpion is almost dead.
You feel very sick. The endoplasm freezes you.
You are frozen.
The scorpion stings you.
You are more poisoned.
The scorpion poisons you!
You feel very sick.
You feel very sick.
You completely miss the scorpion.
The scorpion is almost dead.
You feel very sick. The scorpion stings you.
* * * LOW HITPOINT WARNING * * *
You hit the scorpion but do no damage.
The scorpion is almost dead.
* * * LOW HITPOINT WARNING * * *
You feel sick. You block the scorpion's attack.
You can no longer pass through a line of other dancers.
You hit the scorpion but do no damage. You headbutt the scorpion.
You kill the scorpion!
* * * LOW HITPOINT WARNING * * *
You feel sick.
You can now pass through a line of other dancers.
Your Staves skill increases to level 7!
You have reached level 6!
Unknown command.
You hit the endoplasm.
You kill the endoplasm!
* * * LOW HITPOINT WARNING * * *
You feel sick.
You hit the ogre. You headbutt the ogre.
The ogre is moderately wounded.
* * * LOW HITPOINT WARNING * * *
You feel sick.
The ogre hits you with a +0 giant spiked club!
You die...

###.##.###.# ....
#.......##.# #.#....#
###.#.#...##.# #......##
.##.......##.# #........
....#.#.#.##.#####.....[..
.#......#.##.......#.#..#
.#.)..###.##.....#......##
.............###.#.)......
.####.###..### #@O........
.###..[##...######.....###
.##.....................#
.#..........#รท#....#.#..#
...........#.#.#..##.# .#
##<.......#.#.#.#.# .# #
...........#.>.#..# .#
####...##.#.#.#.#.##.#
##.###..#.#.#.....#


You could see an ogre.

Vanquished Creatures
  A necrophage (D:4)
  2 scorpions
  An adder (D:3)
  3 dart slugs
  5 orcs
  7 bats
  5 endoplasms
  7 giant cockroaches
  10 goblins
  6 hobgoblins
  10 kobolds
  3 quokkas
  6 ball pythons
  7 frilled lizards
  2 rats
75 creatures vanquished.

Notes
Turn   | Place    | Note
-------+----------+-------------------------------------------
     0 | D:1      | Nedwor the Minotaur Gladiator began the quest for the Orb.
     0 | D:1      | Reached XP level 1. HP: 18/18 MP: 0/0
   194 | D:1      | Reached skill level 4 in Staves
   247 | D:1      | Found a faded altar of an unknown god.
   278 | D:1      | Reached XP level 2. HP: 24/25 MP: 1/1
   676 | D:1      | Reached XP level 3. HP: 23/31 MP: 2/2
  1459 | D:2      | Reached skill level 5 in Staves
  2345 | D:3      | Reached XP level 4. HP: 38/38 MP: 3/3
  2402 | D:3      | Noticed a scorpion
  2414 | D:3      | Killed a scorpion
  2415 | D:3      | Reached skill level 6 in Staves
  2415 | D:3      | Reached XP level 5. HP: 12/46 MP: 4/4
  3241 | D:3      | Found an ornate altar of the Wu Jian Council.
  3286 | D:4      | Found a staircase to the Ecumenical Temple.
  3311 | Temple   | Entered the Ecumenical Temple
  3518 | Temple   | Became a worshipper of Uskayaw the Reveller
  3576 | D:4      | Noticed an ogre
  3577 | D:4      | Reached * piety under Uskayaw
  3578 | D:4      | Reached ** piety under Uskayaw
  3586 | D:4      | Reached skill level 7 in Staves
  3586 | D:4      | Reached XP level 6. HP: 5/55 MP: 5/5
  3587 | D:4      | Mangled by an ogre

Illustrated notes

Levels and vault maps discovered:
D:1:      lightli_molten_gateway, layout_loops_ring,
          shapermc_ecumenical_altar_mp_ritualfount, minmay_tetromino_t2
D:2:      layout_loops_corners
D:3:      layout_basic, nicolae_wu_jian_immortal_techniques
D:4:      layout_loops_ring, minmay_temple_entry_grid, serial_shops,
          kennysheep_mini
Temple:   kb_temple_of_zot

Skill      XL: |  1  2  3  4  5 |
---------------+----------------+-----
Staves         | 4 5 6 7 |  7.0
Fighting       | 3 4 |  4.8
Throwing       | |  2.0
Dodging        | |  3.2

Action                   |  1- 3 |  4- 6 || total
-------------------------+-------+-------++-------
Melee: Quarterstaff      |   121 |    53 ||   174
       Headbutt          |    12 |     7 ||    19
Armor: Ring mail         |    47 |       ||    47
       Chain mail        |    12 |    29 ||    41
Dodge: Dodged            |    71 |    25 ||    96
Block: Other             |     2 |     7 ||     9
       Reflection        |       |     1 ||     1

Table legend: (Time is in decaauts)
 A = Elapsed time spent in this place.
 B = Non-inter-level travel time spent in this place.
 C = Inter-level travel time spent in this place.
 D = Time resting spent in this place.
 E = Time spent auto-exploring this place.
 F = Levels seen in this place.
 G = Mean time per level.
                   A        B        C        D        E       F      G
               +--------+--------+--------+--------+--------+-----+--------+
         Total |   3596 |   3464 |    132 |    591 |   2415 |   5 |  719.2 |
       Dungeon |   3400 |   3318 |     82 |    591 |   2281 |   4 |  850.0 |
        Temple |    196 |    146 |     50 |      0 |    134 |   1 |  196.0 |
               +--------+--------+--------+--------+--------+-----+--------+

Top non-repeatable levels by time:
     D:3: 1174 daAuts
     D:1: 1133 daAuts
     D:2: 965 daAuts
  Temple: 196 daAuts
     D:4: 126 daAuts
